Map: Chantier naval orbital

Players

thenightmare

  • Race: Terran Terran
  • League: Grandmaster

AgCl - Winner!

  • Race: Protoss Protoss
  • League: Grandmaster

VOD

Have the link to the VOD?

Description

Time

  • Played on: May 29, 2015, 7:35 p.m.
  • Length: 14:12
Show
View Real Time Build Order
Export as new Build Order

thenightmare Terran 

Build Orders: Command Center First (CC) 

Get SALT Encoding   

  12  0:01  SCV  
  13  0:13  SCV  
  14  0:19  Supply Depot  
  14  0:25  SCV  
  15  0:57  Command Center  
  15  1:08  Barracks  
  15  1:18  SCV  
  15  1:37  SCV  
  16  1:49  SCV  
  17  1:55  Supply Depot  
  17  1:56  Refinery x2  
  17  2:02  SCV  
  18  2:14  Marine  
  19  2:23  Orbital Command x2  
  19  2:32  Marine  
  20  2:47  Factory  
  20  2:49  Marine  
  21  2:54  SCV x2  
  23  3:08  Engineering Bay  
  23  3:14  Marine  
  24  3:23  Bunker  
  24  3:24  SCV  
  24  3:25  SCV  
  26  3:32  Factory Tech Lab  
  26  3:34  Marine  
  26  3:40  SCV  
  26  3:41  SCV  
  29  3:47  Missile Turret  
  29  3:49  Missile Turret  
  29  3:54  SCV  
  30  3:57  Marine  
  31  4:05  Cyclone  
  36  4:10  SCV x2  
  36  4:17  Factory  
  36  4:23  SCV x2  
  38  4:26  Supply Depot  
  36  4:35  SCV  
  35  4:43  Cyclone  
  35  4:45  SCV  
  39  4:47  SCV  
  40  4:54  Refinery  
  40  4:55  Refinery  
  40  4:57  SCV  
  40  4:59  SCV  
  42  5:01  Starport  
  42  5:06  Factory Tech Lab  
  42  5:09  SCV, Marine  
  42  5:11  SCV  
  45  5:15  Cyclone  
  45  5:19  Supply Depot  
  49  5:21  SCV  
  49  5:24  SCV  
  50  5:34  Missile Turret  
  50  5:38  Command Center  
  50  5:40  Supply Depot  
  50  5:41  Supply Depot  
  50  5:45  Starport Reactor  
  50  5:46  Supply Depot  
  50  5:47  Siege Tank  
  50  5:48  Cyclone  
  56  5:50  Marine  
  57  5:59  SCV x2  
  59  6:12  Marine  
  60  6:19  Cyclone  
  60  6:20  Cyclone  
  66  6:30  Marine  
  61  6:48  Marine  
  58  7:03  Orbital Command  
  58  7:05  Armory  
  58  7:06  Marine  
  58  7:08  Widow Mine  
  61  7:10  Widow Mine  
  61  7:13  Viking x2  
  67  7:21  Command Center  
  67  7:28  Marine  
  68  7:36  Widow Mine  
  67  7:39  Widow Mine  
  67  7:43  Viking x2  
  75  7:46  Marine  
  73  7:54  Orbital Command  
  67  8:04  Marine  
  68  8:07  Widow Mine  
  65  8:13  Viking x2  
  69  8:21  Marine  
  69  8:22  SCV  
  69  8:25  SCV x2  
  73  8:31  Factory  
  73  8:34  SCV, Factory  
  73  8:37  SCV  
  73  8:39  Marine  
  76  8:43  Viking x2  
  80  8:49  Orbital Command  
  80  8:53  Refinery  
  80  8:54  Refinery  
  79  9:02  SCV x3  
  81  9:13  Viking  
  81  9:14  SCV x3  
  86  9:20  Factory Reactor  
  86  9:21  Factory Tech Lab  
  86  9:26  Siege Tank x2  
  92  9:34  SCV x2  
  92  9:35  SCV  
  95  9:50  Orbital Command  
  95  9:51  Siege Tank  
  98  9:53  Viking x2  
  102  10:03  Widow Mine x2  
  106  10:09  Starport  
  106  10:10  Starport  
  106  10:11  Fusion Core  
  106  10:14  Armory  
  106  10:34  Cyclone  
  106  10:35  Cyclone  
  96  10:45  Terran Vehicle Weapons Level 1  
  96  10:47  Widow Mine  
  98  10:50  Starport Reactor x2  
  98  10:53  Viking x2  
  100  10:57  SCV x2  
  100  10:58  SCV x2  
  104  11:05  Supply Depot, Widow Mine  
  104  11:06  Widow Mine  
  104  11:07  Supply Depot, Weapon Refit  
  104  11:08  Supply Depot  
  104  11:09  Supply Depot x2  
  108  11:16  Supply Depot  
  108  11:17  Supply Depot x2  
  108  11:26  SCV, Widow Mine x3  
  108  11:28  Viking x2  
  119  11:35  Command Center  
  119  11:36  Widow Mine  
  119  11:39  Cyclone  
  124  11:41  Viking x4  
  132  11:47  Missile Turret  
  130  11:54  Widow Mine x3  
  130  12:00  Missile Turret  
  136  12:02  SCV x3, Refinery x2  
  136  12:03  SCV  
  136  12:05  Siege Tank  
  136  12:07  Armory  
  143  12:09  Orbital Command  
  143  12:11  Viking  
  143  12:14  SCV  
  143  12:20  Missile Turret  
  141  12:23  Widow Mine  
  140  12:36  Cyclone, Viking  
  140  12:37  Viking x4  
  147  12:39  Widow Mine x3  
  147  12:40  SCV  
  147  12:41  Viking  
  162  12:44  SCV x3  
  165  12:51  Widow Mine  
  165  12:53  SCV  
  165  12:56  SCV  
  169  13:12  Starport  
  169  13:14  Starport  
  169  13:16  Supply Depot  
  169  13:19  Supply Depot x2  
  169  13:22  Supply Depot  
  169  13:32  Orbital Command  
  169  13:38  Command Center  
  169  13:39  Command Center x2  
  169  13:47  Command Center  
Show
View Real Time Build Order
Export as new Build Order

AgCl Protoss - Winner!

Build Orders: Oracle Opening, Oracle Opening, Carrier Rush 

Get SALT Encoding   

  12  0:20  Probe, Pylon  
  13  0:25  Assimilator  
  13  0:32  Probe  
  14  0:42  Gateway  
  14  0:44  Probe (Chrono Boost)  
  15  0:57  Probe (Chrono Boost)  
  16  1:03  Probe (Chrono Boost)  
  17  1:12  Pylon  
  17  1:14  Probe  
  18  1:26  Probe  
  19  1:35  Cybernetics Core  
  19  1:39  Probe (Chrono Boost)  
  19  1:41  Assimilator  
  19  1:50  Probe (Chrono Boost)  
  20  1:56  Probe (Chrono Boost)  
  21  2:08  Probe (Chrono Boost)  
  23  2:16  Probe (Chrono Boost), Stargate  
  23  2:21  Warp Gate  
  23  2:25  Mothership Core (Chrono Boost)  
  25  2:32  Adept  
  27  2:39  Probe  
  28  2:52  Nexus  
  28  3:07  Pylon  
  28  3:11  Probe  
  29  3:23  Probe  
  29  3:25  Oracle (Chrono Boost)  
  33  3:35  Probe  
  34  3:42  Fleet Beacon  
  34  3:43  Pylon  
  34  3:47  Probe  
  35  3:59  Probe (Chrono Boost)  
  36  4:04  Assimilator  
  36  4:07  Forge  
  38  4:10  Probe x2 (Chrono Boost)  
  40  4:18  Probe (Chrono Boost)  
  40  4:19  Probe (Chrono Boost)  
  38  4:40  Void Ray (Chrono Boost)  
  38  4:43  Probe  
  40  4:46  Assimilator  
  40  4:47  Probe  
  41  4:55  Probe, Carrier (Chrono Boost)  
  41  4:59  Probe  
  43  5:05  Nexus  
  43  5:11  Probe (Chrono Boost)  
  43  5:12  Probe (Chrono Boost)  
  51  5:20  Protoss Air Weapons Level 1  
  52  5:23  Probe (Chrono Boost), Graviton Catapult (Chrono Boost)  
  52  5:25  Probe (Chrono Boost)  
  53  5:30  Probe (Chrono Boost)  
  53  5:32  Pylon  
  54  5:37  Probe  
  54  5:41  Probe  
  54  5:42  Pylon  
  56  5:53  Probe x2 (Chrono Boost)  
  58  5:57  Assimilator  
  58  5:59  Phoenix  
  62  6:05  Probe (Chrono Boost)  
  62  6:08  Probe (Chrono Boost)  
  62  6:13  Robotics Facility  
  62  6:15  Pylon  
  62  6:17  Pylon  
  63  6:18  Probe (Chrono Boost)  
  63  6:19  Probe (Chrono Boost)  
  65  6:26  Probe (Chrono Boost), Carrier (Chrono Boost)  
  65  6:31  Probe (Chrono Boost)  
  70  6:56  Pylon  
  70  6:58  Probe (Chrono Boost)  
  70  7:00  Probe (Chrono Boost)  
  73  7:02  Probe (Chrono Boost)  
  73  7:03  Protoss Ground Weapons Level 1  
  75  7:09  Probe x2 (Chrono Boost)  
  75  7:12  Probe (Chrono Boost), Stargate  
  75  7:14  Observer, Pylon  
  79  7:15  Probe x2 (Chrono Boost)  
  79  7:26  Assimilator  
  79  7:27  Probe x2 (Chrono Boost)  
  82  7:32  Probe (Chrono Boost)  
  83  7:37  Probe (Chrono Boost)  
  83  7:44  Carrier (Chrono Boost)  
  83  7:45  Carrier (Chrono Boost)  
  77  7:54  Pylon  
  89  8:13  Probe  
  89  8:15  Protoss Air Weapons Level 2  
  90  8:25  Probe x2  
  86  8:29  Photon Cannon  
  86  8:31  Observer  
  86  8:32  Pylon  
  86  8:40  Probe  
  88  8:41  Pylon  
  88  8:44  Twilight Council  
  88  8:45  Adept  
  88  8:48  Carrier x2 (Chrono Boost)  
  90  8:56  Nexus  
  90  8:59  Assimilator  
  89  9:04  Assimilator  
  89  9:06  Pylon  
  101  9:11  Photon Cannon  
  101  9:16  Pylon  
  99  9:21  Probe (Chrono Boost)  
  102  9:26  Probe x2 (Chrono Boost)  
  103  9:31  Probe (Chrono Boost)  
  103  9:34  Gateway  
  103  9:35  Probe x2 (Chrono Boost)  
  103  9:37  Gateway, Pylon, Stargate  
  103  9:38  Pylon, Photon Cannon  
  105  9:39  Twilight Council  
  105  9:40  Gateway  
  105  9:41  Pylon  
  105  9:49  Mothership Core  
  107  9:56  Templar Archives  
  107  9:59  Dark Shrine  
  107  10:01  Carrier (Chrono Boost)  
  107  10:03  Carrier (Chrono Boost)  
  107  10:09  Probe x2  
  109  10:17  Pylon  
  109  10:18  Gateway, Photon Cannon  
  121  10:33  Shield Upgrade  
  121  10:35  Pylon  
  120  10:49  Carrier (Chrono Boost)  
  120  10:50  Psionic Storm  
  120  10:53  Protoss Air Weapons Level 3 (Chrono Boost)  
  120  11:01  Gateway  
  120  11:03  Probe (Chrono Boost)  
  120  11:04  Gateway  
  124  11:06  Pylon  
  124  11:07  Probe (Chrono Boost)  
  124  11:08  Probe x2 (Chrono Boost)  
  130  11:15  Dark Templar  
  130  11:18  Dark Templar  
  134  11:23  Charge  
  134  11:25  Pylon  
  134  11:32  Gateway x2  
  134  11:34  Gateway  
  134  11:36  Pylon  
  134  11:42  Protoss Shields Level 1  
  134  11:44  Carrier x2 (Chrono Boost)  
  134  11:52  Pylon  
  132  11:57  Forge  
  132  12:00  Pylon  
  132  12:03  Pylon  
  132  12:04  Pylon  
  142  12:42  Carrier (Chrono Boost)  
  142  12:47  Carrier (Chrono Boost), High Templar x4  
  142  12:51  Dark Templar x2, Pylon  
  152  12:54  Pylon  
  152  12:55  Assimilator  
  152  12:57  Assimilator  
  152  12:58  Pylon  
  154  12:59  Nexus  
  166  13:07  Robotics Bay  
  166  13:30  Nexus  
  166  13:31  Pylon  
  166  13:35  Stalker  
  174  13:54  Dark Templar  
  174  13:55  Dark Templar  
Tags
 
Add a new tag
Caveats
  • Supply blocks, unpowered buildings, or Contaminate may cause inaccurate times.
  • Supply counts are checked every 10 seconds.